 Dungeon Crawl Stone Soup version 0.23.1-37-gaa34b87b72 (webtiles) character file.

Game seed: 2288191515640832336

196 Dasatrys the Slasher (level 5, 0/41 HPs)
             Began as a Barachi Fighter on Mar 22, 2019.
             Slain by an orc wizard
             ... wielding a +0 dagger
              (1 damage)
             ... on level 3 of the Dungeon.
             The game lasted 00:10:18 (2623 turns).

Dasatrys the Slasher (Barachi Fighter)              Turns: 2623, Time: 00:10:19

Health: 0/41       AC:  6    Str: 18    XL:     5   Next: 74%
Magic:  5/5        EV:  7    Int:  8    God:
Gold:   131        SH:  9    Dex: 12    Spells: 4/4 levels left

rFire    + . .     SeeInvis .   a - +0 long sword
rCold    . . .     Gourm    .   c - +0 shield
rNeg     . . .     Faith    .   b - +0 scale mail
rPois    .         Spirit   .   (no helmet)
rElec    .         Reflect  .   (no cloak)
rCorr    .         Harm     +   (no gloves)
MR       .....                  (no boots)
Stlth    ..........             m - amulet of harm
HPRegen  0.13/turn              l - ring of fire
MPRegen  0.09/turn              q - ring of protection from cold

@: slow
A: +LOS, swims, slowness 1, strong legs 1
a: Hop


You were on level 3 of the Dungeon.
You were hungry.

You visited 1 branch of the dungeon, and saw 3 of its levels.

You collected 131 gold pieces.

Inventory:

Hand Weapons
 a - a +0 long sword (weapon)
 n - a cursed +0 short sword
Armour
 b - a +0 scale mail (worn)
 c - a +0 shield (worn)
Jewellery
 l - a ring of fire (left hand)
 m - an amulet of harm (around neck)
 q - a ring of protection from cold (right hand)
Scrolls
 e - 4 scrolls of amnesia {unknown}
 g - a scroll of teleportation {unknown}
 k - a scroll of enchant weapon {unknown}
 r - a scroll of identify {unknown}
Potions
 d - 2 potions of might
 h - a potion of curing {unknown}
 i - 2 potions of degeneration {unknown}
 j - a potion of berserk rage {unknown}
 p - a potion of brilliance {unknown}
Comestibles
 f - 2 rations
 o - a chunk of flesh


   Skills:
 - Level 3.6 Fighting
 * Level 7.0 Long Blades
 - Level 3.6 Armour
 - Level 3.2 Shields


You had 4 spell levels left.
You didn't know any spells.
Your spell library was empty.

Dungeon Overview and Level Annotations

Branches:
Dungeon (3/15)

Altars:
Yredelemnul


Innate Abilities, Weirdness & Mutations

Shadows flee at your approach. (+LOS)
You can swim through water.
You cover ground slowly.
You can hop short distances.


Message History

The puff of flame hits you but does no damage.
You resist.
You hit the orc wizard.
The orc wizard is moderately wounded.
The bat closely misses you.
The orc wizard hits you with a +0 dagger.
* * * LOW HITPOINT WARNING * * *
You block the bat's attack.
A goblin comes into view. It is wielding a +0 club.
You closely miss the orc wizard.
The orc wizard is moderately wounded.
You block the bat's attack.
The orc wizard gestures wildly while chanting.
The orc wizard flickers and vanishes!
Deactivating autopickup; reactivate with Ctrl-A.
You hit something. The bat hits you but does no damage.
You block the bat's attack. Something hits you.
* * * LOW HITPOINT WARNING * * *
The bat hits you but does no damage. Something hits you.
You die...

#.#######.#
#########.# #.#
.........)# #####.#
##.#.##..# #.....#
#.##.)###.###.#
#...))....# #.#
####..#######รท####
.#.####.{...........#
.......b@....######.#
.##..........######.#
.....[.......##.....#
.##..........##.....#
#..#.......##.....#
#..#.......##.....#
....#.....g.##.....#
.... ##......####.###
## #.####.# #.


You could see a goblin and a bat.

Vanquished Creatures
  A centaur (D:2)
  5 adders (D:2)
  3 dart slugs
  A leopard gecko (D:2)
  2 orcs (D:3)
  6 bats (D:1)
  3 giant cockroaches
  6 goblins
  9 hobgoblins
  3 jackals (D:1)
  5 frilled lizards
  9 kobolds
  A quokka skeleton (D:3)
  6 rats
60 creatures vanquished.

Notes
Turn   | Place    | Note
-------+----------+-------------------------------------------
     0 | D:1      | Dasatrys the Barachi Fighter began the quest for the Orb.
     0 | D:1      | Reached XP level 1. HP: 18/18 MP: 1/1
   129 | D:1      | Reached skill level 3 in Long Blades
   141 | D:1      | Reached XP level 2. HP: 12/24 MP: 2/2
   399 | D:1      | Reached skill level 4 in Long Blades
   456 | D:1      | Reached XP level 3. HP: 28/29 MP: 3/3
  1199 | D:2      | Found a basalt altar of Yredelemnul.
  1200 | D:2      | Noticed a centaur
  1209 | D:2      | Killed a centaur
  1209 | D:2      | Reached skill level 6 in Long Blades
  1209 | D:2      | Reached XP level 4. HP: 13/36 MP: 4/4
  1209 | D:2      | Reached XP level 5. HP: 14/41 MP: 5/5
  2611 | D:3      | Reached skill level 7 in Long Blades
  2623 | D:3      | HP: 1/41 [something (2)]
  2623 | D:3      | Slain by an orc wizard

Skill      XL: |  1  2  3  4  5 |
---------------+----------------+-----
Long Blades    | 3 4 6 7 |  7.0
Fighting       | |  3.6
Armour         | |  3.6
Shields        | |  3.2

Action                   |  1- 3 |  4- 6 || total
-------------------------+-------+-------++-------
Melee: Long sword        |   129 |    96 ||   225
  Eat: Chunk             |     1 |     5 ||     6
Armor: Scale mail        |    62 |    43 ||   105
Dodge: Dodged            |    60 |    31 ||    91
Block: Shield            |   106 |    34 ||   140
       Rpst.: Long sword |    22 |     4 ||    26
